AoeStats
← Northstar2

Arena

510447031Analyzed
3v3 RM · 12h ago on Oct 1, 2026· 32m 52s· 6 players
Game mode
Random Map
Map size
Normal (6 player)
Population
200
Speed
Normal
Resources
Standard
Victory
Conquest
Starting age
Dark Age
Ending age
Imperial Age
RankedLock teamsTeams togetherTeam positionsShared explorationLock speedFull tech treeHidden civsTurbo modeCheats
Victory
Defeat
🇦🇷 Turks · Argentina
732
+14
🇦🇷 Malians · Argentina
646
+18
🇦🇷 Sicilians · Argentina
596
+21
🇨🇴 Goths · Colombia
742
-20
🇨🇱 Italians · Chile
691
-18
🇺🇸 Franks · United States
640
-15
floresmonserratpaz
3:53 Loom
14:22 Feudal Age
21:14 Horse Collar
28:34 Castle Age
luhigy23
0:27 Loom
13:30 Feudal Age
15:13 Wheelbarrow
17:39 Castle Age
16:00 Double-Bit Axe
16:08 Horse Collar
18:50 Hand Cart
25:52 Gold Mining
26:05 Heavy Plow
28:49 Squires
28:51 Anarchy
29:14 Bow Saw
30:19 Pikeman
Northstar2
11:02 Feudal Age
13:47 Wheelbarrow
13:02 Double-Bit Axe
22:51 Castle Age
21:30 Scale Barding Armor
21:40 Forging
21:30 Scale Mail Armor
23:29 Scale Mail Armor
25:12 Pikeman
29:41 Iron Casting
29:21 Chain Mail Armor
30:48 Chain Mail Armor
31:56 Arson
samonsuarez
8:11 Loom
10:56 Feudal Age
14:56 Wheelbarrow
19:59 Castle Age
18:18 Scale Barding Armor
18:16 Scale Mail Armor
18:58 Stone Mining
19:25 Forging
19:54 Double-Bit Axe
21:10 Husbandry
22:18 Horse Collar
25:15 Arson
25:34 Squires
Fabian Show
7:33 Loom
14:40 Feudal Age
18:01 Town Watch
21:14 Scale Mail Armor
21:06 Fletching
21:28 Forging
22:13 Arson
22:32 Padded Archer Armor
26:33 Wheelbarrow
28:35 Castle Age
27:11 Man-at-Arms
28:41 Stone Mining
28:39 Horse Collar
28:51 Double-Bit Axe
29:30 Pikeman
31:26 Chain Mail Armor
31:28 Leather Archer Armor
33:31 Town Patrol
andres.gonzgonz
11:16 Feudal Age
11:00 Loom
12:49 Double-Bit Axe
14:11 Fletching
14:22 Padded Archer Armor
14:40 Horse Collar
20:28 Castle Age
19:53 Town Watch
23:21 Forging
23:07 Bodkin Arrow
23:28 Leather Archer Armor
28:15 Wheelbarrow
29:15 Bow Saw
Connection lost

Rejoining the realm…

Still unreachable

The connection could not be restored.

Session expired

The server has moved on; the page needs a fresh start.